Cogmind - Beta 17 --- EXPLORER MODE // 2026.07.02 @ 19:13:29 Player: Steve French Result: Destroyed by 1Q-LNK(j) with Overtuned Pulse Rifle Performance ------------- Evolutions (0) 0 Regions Visited (3) 600 Robots Destroyed (25) 125 Value Destroyed (683) 683 Prototype IDs (0) 0 Alien Tech Used (0) 0 Bonus (800) 800 TOTAL SCORE: 2208 Bonus ------- Registered with UFD 300 Met Optimus in HQ 500 Cogmind --------- Core Integrity 0/250 Matter 295/300 Energy 95/125 System Corruption 0% Temperature Danger (436) Movement Rolling (95) Location -7/Scraptown Parts ------- > --- POWER (1) -------- Light Ion Engine > --- PROPULSION (2) --- Wheel Subdweller Monowheel > --- UTILITY (3) ------ Scrap Suit Small Storage Unit > --- WEAPON (2) ------- Small Laser > --- INVENTORY (8) ---- Improved Ion Engine Light Deuterium Engine Makeshift Microdissipator Network Riot Gun DRS Beacon (Ready) Peak State ------------ > --- POWER ------------ Light Ion Engine > --- PROPULSION ------- Wheel Subdweller Monowheel > --- UTILITY ---------- Scrap Suit Small Storage Unit > --- WEAPON ----------- Small Laser Subdweller Beam Cannon > --- INVENTORY -------- Improved Ion Engine Light Deuterium Engine Makeshift Microdissipator Network Riot Gun DRS Beacon [Rating: 17] Favorites ----------- Power Light Ion Engine Engine Light Ion Engine Propulsion Subdweller Monowheel Wheel Subdweller Monowheel Utility Improved Terrain Scanner Device Improved Terrain Scanner Storage Small Matter Pod Protection Light Armor Plating Weapon Small Laser Energy Gun Small Laser Energy Cannon Subdweller Beam Cannon Ballistic Gun Assault Rifle Special Weapon Mining Laser Build | -11 -10 -10 -7 ------- Run | Yrd Mat Sub Scr Slots Evolved 1 | . 1 . . Power . | . . . . Propulsion . | . . . . Utility 1 | . 1 . . Weapon . | . . . . Parts Attached 26 | 9 . 13 4 Power 4 | 1 . 2 1 Engine 4 | 1 . 2 1 Core . | . . . . Reactor . | . . . . Propulsion 7 | 2 . 4 1 Treads . | . . . . Leg . | . . . . Wheel 7 | 2 . 4 1 Hover . | . . . . Flight . | . . . . Utility 7 | 3 . 2 2 Device 4 | 2 . 1 1 Storage 2 | 1 . . 1 Processor . | . . . . Hackware . | . . . . Protection 1 | . . 1 . Artifact . | . . . . Weapon 8 | 3 . 5 . Energy Gun 3 | 1 . 2 . Energy Cannon 1 | . . 1 . Ballistic Gun 3 | 1 . 2 . Ballistic Cannon . | . . . . Launcher . | . . . . Special Weapon 1 | 1 . . . Impact Weapon . | . . . . Slashing Weapon . | . . . . Piercing Weapon . | . . . . Special Melee Weapon . | . . . . Unidentified Prototypes . | . . . . Parts Lost 8 | . . 6 2 Power . | . . . . Propulsion 1 | . . . 1 Utility 4 | . . 4 . Weapon 3 | . . 2 1 Highest Loss Streak 2 | . . 2 1 To Critical Strikes 2 | . . 2 . Average Backups 3 | 3 4 3 3 Power . | . 1 . 1 Propulsion . | . 1 . . Utility . | . . . . Weapon 2 | 1 2 2 1 Tool/Special . | . . . . Unused Backups 1 | . . 1 . Power . | . . . . Propulsion 1 | . . 1 . Utility . | . . . . Weapon . | . . . . Tool/Special . | . . . . Average Slot Usage (%) 84 | . 100 89 74 Engine 12 | . 12 12 12 Wheel 24 | . 25 25 23 Device 18 | . 25 22 11 Storage 2 | . 12 3 . Protection 1 | . . 2 . Energy Gun 11 | . . 12 12 Energy Cannon 5 | . . 2 12 Ballistic Gun 4 | . 12 6 . Special Weapon 1 | . 12 1 . Peak Build Rating 17 | 9 10 16 17 Average Rating 10 | 6 10 11 11 On Entrance 7 | . 9 10 11 Avg Prop Armor Cover (%) 5 | . . 5 . Naked Turns . | . . . . Heaviest Build 21 | 8 9 21 21 Greatest Support 40 | 20 20 40 40 Greatest Overweight (x) 1 | . . 1 1 Average Overweight (x) . | . . . . Largest Inventory Capacity 8 | 5 5 5 8 Average Capacity 5 | 5 5 5 5 Most Carried 6 | 5 4 5 6 Average Carried 3 | 3 4 3 3 Final Capacity 8 | 5 5 5 8 Final Carried 5 | 5 4 3 5 Scrap Suit Usage (%) 2 | . . . 8 Class Distribution -------------------- 59% | Hacker-Mutant 37% | Scavenger-Mutant 3% | Scavenger-Scrapper Dominant Class ---------------- Hacker-Mutant | -10/Materials Hacker-Mutant | -10/Subcaves Scavenger-Mutant | -7/Scraptown Resources | -11 -10 -10 -7 ----------- Run | Yrd Mat Sub Scr Matter Collected 636 | 367 13 226 30 Remotely . | . . . . Salvage Created 902 | 136 . 704 62 Parts 59 | 13 . 45 1 Haulers Intercepted . | . . . . Recyclers Shooed . | . . . . Parts Field Recycled . | . . . . Retrieved Matter . | . . . . Parts Self-Destructed . | . . . . Prevented . | . . . . Parts Restored . | . . . . Kills | -11 -10 -10 -7 ------- Run | Yrd Mat Sub Scr Combat Hostiles Destroyed 18 | 1 . 16 1 Guns 15 | 1 . 14 . Cannons 3 | . . 2 1 Classes Destroyed 7 | 3 . 3 1 Worker 1 | 1 . . . Tunneler 4 | 4 . . . Turret 2 | . . 2 . Swarmer 3 | . . 3 . Grunt 1 | 1 . . . Subdweller 13 | . . 13 . Bolteater 1 | . . . 1 Best Kill Streak 5 | 5 . 3 1 Combat Bots Only 3 | 1 . 3 1 Max Kills in Single Turn 1 | 1 . 1 1 Gunslinging . | . . . . Exploded . | . . . . Melee . | . . . . Uniques/NPCs Destroyed . | . . . . Combat | -11 -10 -10 -7 -------- Run | Yrd Mat Sub Scr Hostile Shots Fired 214 | 2 . 176 36 Missed 76 | . . 73 3 Hits 138 | 2 . 103 33 Melee 20 | . . . 20 Projectile 118 | 2 . 103 13 Critical Strikes 4 | . . 3 1 Damage Taken 1133 | 13 . 844 276 Core 256 | . . 158 98 Absorbed by Shields . | . . . . Ignored by Resistances 713 | 8 . 538 167 Core Remaining (%) 100 | 100 . . . Volleys Fired 158 | 40 5 104 9 Largest 2 | 2 1 2 2 Hottest 120 | 100 100 120 120 Shots Fired 217 | 49 5 146 17 Gun 139 | 18 1 111 9 Cannon 30 | . . 22 8 Launcher . | . . . . Special 48 | 31 4 13 . Kinetic 51 | 9 1 41 . Thermal 156 | 40 4 95 17 Explosive . | . . . . Electromagnetic 10 | . . 10 . Robot Hit Streak 46 | 8 . 46 27 Robot Miss Streak 2 | 2 . 2 . Penetration Max . | . . . . Secondary Targets . | . . . . Shots Hit Robots 113 | 13 . 85 15 Core Hits 46 | 7 . 36 3 Critical Kills 1 | . . 1 . Critical Parts Destroyed . | . . . . Critical Strikes 1 | . . 1 . Destroy 1 | . . 1 . Melee Attacks . | . . . . Impact . | . . . . Slashing . | . . . . Piercing . | . . . . Sneak Attacks . | . . . . Combat Hostiles . | . . . . Follow-up Attacks . | . . . . Damage Inflicted 1707 | 150 . 1293 264 Guns 1394 | 150 . 1158 86 Cannons 313 | . . 135 178 Explosions . | . . . . Melee . | . . . . Ramming . | . . . . Kinetic 490 | 62 . 428 . Thermal 1020 | 88 . 668 264 Explosive . | . . . . Electromagnetic 197 | . . 197 . Impact . | . . . . Slashing . | . . . . Piercing . | . . . . Highest Corruption . | . . . . Average Corruption . | . . . . Corruption Purged . | . . . . Corruption Blocked . | . . . . Overload Shots . | . . . . Overflow Damage 24 | . . . 24 Projectiles 24 | . . . 24 Explosions . | . . . . Melee . | . . . . Knockbacks . | . . . . Impact . | . . . . Kinetic . | . . . . Secondary . | . . . . Self-Inflicted Damage . | . . . . Shots . | . . . . Rammed . | . . . . Targets Rammed . | . . . . Kicked . | . . . . Crushed . | . . . . Highest Temperature 424 | 160 60 72 424 Average Temperature 67 | 74 31 28 154 Received Heat Transfer 510 | 12 . 402 96 Effects 1 | . . . 1 Energy Bleed 1 | . . . 1 Siege Activations . | . . . . Martial Activations . | . . . . Shielding Activations . | . . . . Robots Disrupted . | . . . . Combat Hostiles . | . . . . Robots Corrupted . | . . . . Combat Hostiles . | . . . . Parts Fried . | . . . . Impact Corruptions . | . . . . Robots Melted . | . . . . Combat Hostiles . | . . . . Parts Melted 3 | . . 3 . Heat Transferred 1744 | 200 . 1085 459 Parts Sabotaged . | . . . . Parts Stolen 1 | . . . 1 Parts Stripped . | . . . . Power Chain Reactions . | . . . . Alert | -11 -10 -10 -7 ------- Run | Yrd Mat Sub Scr Maximum Alert Level . | . . . . Low Security (%) 100 | 100 100 . . Level 1 . | . . . . Level 2 . | . . . . Level 3 . | . . . . Level 4 . | . . . . Level 5 . | . . . . High Security . | . . . . Max Security . | . . . . Peak Influence 30 | 30 1 . . Initial . | . . . . Average 3 | 3 . . . Influence Increases 206 | 45 1 160 . Destroy 0b10 Robot/C 120 | 20 . 100 . Destroy 0b10 Robot/NC 25 | 25 . . . Destroy Structure 1 | . 1 . . Lose Combat Pursuer 60 | . . 60 . Influence Decreases 206 | 45 . 161 . Entered New Map 1 | . . 1 . Time Decay 195 | 45 . 150 . Lost Part 10 | . . 10 . Squads Dispatched . | . . . . Investigation . | . . . . Extermination . | . . . . Reinforcement . | . . . . Assault . | . . . . Garrison . | . . . . Intercept . | . . . . Searches Triggered . | . . . . Construction Impeded . | . . . . Haulers Reinforced . | . . . . Active Scanning Responses . | . . . . Cargo Convoy Interrupts . | . . . . Stealth | -11 -10 -10 -7 --------- Run | Yrd Mat Sub Scr Distress Signals . | . . . . Communications Jammed . | . . . . Distress Signals . | . . . . Times Spotted 27 | 1 . 19 7 Peak Tracking Total 4 | 1 . 4 3 Tactical Retreats 1 | . . 1 . Traps | -11 -10 -10 -7 ------- Run | Yrd Mat Sub Scr Traps Triggered . | . . . . Indirectly . | . . . . Trap Hack Attempts . | . . . . Triggered . | . . . . Disarmed . | . . . . Reprogrammed . | . . . . Reused . | . . . . Traps Extracted . | . . . . Installed . | . . . . Triggered . | . . . . Machines | -11 -10 -10 -7 ---------- Run | Yrd Mat Sub Scr Machines Disabled . | . . . . Max in Single Turn . | . . . . Machines Repaired . | . . . . Machines Dismantled . | . . . . Machines Sabotaged . | . . . . Overloaded Fab Kills . | . . . . Hacking | -11 -10 -10 -7 --------- Run | Yrd Mat Sub Scr Machines Accessed . | . . . . Terminals . | . . . . Fabricators . | . . . . Repair Stations . | . . . . Recycling Units . | . . . . Scanalyzers . | . . . . Garrison Access . | . . . . Total Hacks . | . . . . Successful . | . . . . Failed . | . . . . Catastrophic . | . . . . Database Lockouts . | . . . . Manual . | . . . . Terminals . | . . . . Fabricators . | . . . . Repair Stations . | . . . . Recycling Units . | . . . . Scanalyzers . | . . . . Garrison Access . | . . . . Terminal Hacks . | . . . . Fabricator Hacks . | . . . . Repair Station Hacks . | . . . . Recycling Unit Hacks . | . . . . Scanalyzer . | . . . . Garrison Access Hacks . | . . . . Unauthorized Hacks . | . . . . Terminals . | . . . . Fabricators . | . . . . Repair Stations . | . . . . Recycling Units . | . . . . Scanalyzers . | . . . . Garrison Access . | . . . . Data Cores Recovered . | . . . . Used . | . . . . Hacking Detections . | . . . . Full Trace Events . | . . . . Feedback Events . | . . . . Feedback Blocked . | . . . . Robot Schematics Acquired . | . . . . Robots Built . | . . . . Authchips . | . . . . Time . | . . . . Total Robot Build Rating . | . . . . Part Schematics Acquired . | . . . . Parts Built . | . . . . Authchips . | . . . . Time . | . . . . Total Part Build Rating . | . . . . Part Studies Acquired . | . . . . Parts Repaired . | . . . . Time . | . . . . Parts Recycled . | . . . . Recycled Matter . | . . . . Retrieved Matter . | . . . . Retrieved Components . | . . . . Parts Scanalyzed . | . . . . Part Schematics Acquired . | . . . . Parts Damaged . | . . . . Bothacking | -11 -10 -10 -7 ------------ Run | Yrd Mat Sub Scr Used RIF Installer . | . . . . Robots Hacked . | . . . . Non-combat . | . . . . Combat . | . . . . Robot Hacks Applied . | . . . . Relay Couplers Released . | . . . . Fabnet Peak Effective % . | . . . . Robots Rewired . | . . . . Allies Hacked . | . . . . Hacks Repelled . | . . . . Allies | -11 -10 -10 -7 -------- Run | Yrd Mat Sub Scr Total Allies . | . . . . Largest Group . | . . . . Highest-Rated Group . | . . . . Highest-Rated Ally . | . . . . Total Orders . | . . . . Ally Attacks . | . . . . Total Damage . | . . . . Kills . | . . . . Allies Corrupted . | . . . . Allies Melted 1 | . . . 1 Intel | -11 -10 -10 -7 ------- Run | Yrd Mat Sub Scr Active Infowar (turns) 1476 | 198 52 894 332 Optics 489 | . . 157 332 Sensors 819 | 30 52 737 . Terrain 922 | 168 52 702 . Robot Analysis Total . | . . . . Derelict Logs Recovered . | . . . . Drone Launches . | . . . . Drone Recoveries . | . . . . Exploration | -11 -10 -10 -7 ------------- Run | Yrd Mat Sub Scr Turns Passed 1736 | 287 52 901 496 Spaces Moved 1212 | 152 42 599 419 Core 23 | 23 . . . Treads . | . . . . Legs . | . . . . Wheels 1189 | 129 42 599 419 Hover . | . . . . Flight . | . . . . Fastest Speed 50 | 50 80 80 95 Average Speed 98 | 75 80 97 110 Slowest Speed 120 | 80 80 110 120 Overloaded Moves . | . . . . Propulsion Burnouts . | . . . . Robots Hopped . | . . . . Potential Cave-ins 8 | 7 . 1 . Cave-ins Triggered . | . . . . Exploration Rate (%) 23 | 6 7 39 41 Regions Visited 3 Branch Regions 2 Pre-discovered Areas 1 | . . . 1 Known Exits Taken 2 | 1 1 . . Unknown Exits Taken 1 | . . 1 . Scrap Searched 2 | . . 2 . Spaces Dug 24 | 16 3 5 . Terrain Destroyed 27 | 18 3 5 1 Melee . | . . . . Projectile 27 | 18 3 5 1 AOE . | . . . . Terrain Rammed . | . . . . Walls Destroyed . | . . . . Machines Disabled . | . . . . Actions | -11 -10 -10 -7 --------- Run | Yrd Mat Sub Scr Total 1440 | 213 47 741 439 Wait . | . . . . Move 1209 | 151 41 598 419 Hop . | . . . . Pick Up 29 | 12 . 11 6 Fast Attach . | . . . . Attach 16 | 8 1 4 3 Detach 1 | 1 . . . Swap 16 | 1 . 14 1 Drop 11 | . . 10 1 Fire 158 | 40 5 104 9 Melee . | . . . . Ram . | . . . . Kick . | . . . . Crush . | . . . . Escape Stasis . | . . . . Rewire . | . . . . Trap . | . . . . Miscellaneous . | . . . . Route ------- -11/Scrapyard -10/Materials -10/Subcaves (discovered 2 exits: *Rec / [*Scr]) -7/Scraptown History --------- Turn | Location | Event 2 | -11/Scrapyard | Met Revision 17 78 | -11/Scrapyard | Identified exit to Materials 78 | -11/Scrapyard | Discovered exit to Materials (range 8) 288 | -11/Scrapyard | Entered Materials 288 | -10/Materials | Evolved 1 slot: Utility x1 309 | -10/Materials | Build established: Hacker-Mutant 332 | -10/Materials | Identified exit to Subcaves 332 | -10/Materials | Discovered exit to Subcaves (range 3) 340 | -10/Materials | Entered Subcaves 341 | -10/Subcaves | Approached by a straggling Scientist 378 | -10/Subcaves | Identified exit to Recycling 378 | -10/Subcaves | Discovered exit to Recycling (range 12) 461 | -10/Subcaves | A swath of the cavern ceiling suddenly collapsed 859 | -10/Subcaves | Shifting Twisted Machinery released Riot Gun 880 | -10/Subcaves | Shifting Twisted Machinery released Sub. Power Source 927 | -10/Subcaves | Core integrity fell below 50% 1155 | -10/Subcaves | Scientist uncovered a shortcut to Scraptown 1241 | -10/Subcaves | Entered Scraptown 1272 | -7/Scraptown | Heard Great Nut preacher, LISTEN AND RECITE! 1287 | -7/Scraptown | Learned location of Extension (-4) 1390 | -7/Scraptown | Visited UFD Registry 1390 | -7/Scraptown | Registered with UFD as "Novachassis" 1391 | -7/Scraptown | Build established: Scavenger-Mutant 1405 | -7/Scraptown | Visited The Evicted 1529 | -7/Scraptown | Met Optimus 1529 | -7/Scraptown | Accepted into 0bPrime 1565 | -7/Scraptown | Visited Derelict Rescue Squad 1574 | -7/Scraptown | Found DRS Beacon 1613 | -7/Scraptown | Visited Chapter 10 1653 | -7/Scraptown | Visited Junk Repository 1657 | -7/Scraptown | Civil war broke out across Scraptown 1692 | -7/Scraptown | Found Scrap Suit 1724 | -7/Scraptown | Core integrity fell below 20% 1737 | -7/Scraptown | Destroyed by 1Q-LNK(j) with Overtuned Pulse Rifle Last Messages --------------- 01692_ Dropped Broken Sub. Laser. 01692_ Acquired Scrap Suit. 01694_ Acquired 10 matter. 01696_ Acquired Sml. Storage Unit. 01699_ AM-DKR(E) destroyed. The Sml. Storage Unit has expanded your inventory capacity. Items held in inventory do not count towards total mass and therefore cannot slow you down. 01700_ Acquired 20 matter. 01705_ Acquired Mak. Microdissipator Network. 01706_ Acquired Lgt. Deuterium Engine. 01711_ Acquired Wheel. 01729_ EB-3LR(j): "Stop this nonsense!" 01729_ Critical hit (Impale). 01731_ Destroyed Lgt. Ion Engine. 01732_ Overheating: Energy bleed (-26). 01733_ Penetrated by Bolt. 01734_ Sub. Beam Cannon destroyed. 01736_ Penetrated by Bolt. 01736_ Bolt penetrates 1H-5CC(x). 01736_ 1H-5CC(x) destroyed. Map ----- +----------------------------------------------------+ | ?????????????????????????????????????????????????? | | ?????????????????????????????????????????????????? | | ?????????????????????????????????????????????????? | | ?????????????????????????????????????????????????? | | ?????????????????????????????????????????????????? | | ?????????????????????????????????????????????????? | | ?????????????????????????????????????????????????? | | ?????????????????????????????????????????????????? | | ?????????????????????????????????????????????????? | | ?????????????????????????????????????????????????? | | ?????????????????????????????????????????????????? | | ?????????????????????????????????????????????????? | | ?????????????????????????##??????????????????????? | | ????????????????????????#%!#?????????????????????? | | ????????????????????????%*[!?????????????????????? | | ????????????????????????==[!?????????????????????? | | ????????????????????????!=![?????????????????????? | | ????????????????????????[=!=?????????????????????? | | ????????????????????????#x=#?????????????????????? | | ????????????????????????#!j#?????????????????????? | | ?????????????############*!#?????????????????????? | | ?????????????#""""""""""# =#?????????????????????? | | ??????????????## " # ##????????????????????? | | ??????????????# [ ""#/ ;#????????????????????? | | ??????????????# % ""#%h#?????????????????????? | | ??#??#####??#?# % """"#@ #?????????????????????? | | ??# ?#!!]#?!#?# ! !" ""# #???###???????????????? | | ??#] # ! # #?# %""""# #??# ???????????????? | | ??# # # #?# [ ""# #? # ????????????????? | | ??# #### "#%*#? ?????????????????? | | ??# ## #! #?=!??????????????????? | | ??##### ########### ##### %#?%#??????????????????? | | ####### ########### ##### !##=##?????????????????? | | """" " """""" "" """""x " "#?????????????????? | | =%! "#?????????????????? | | != =%! "#???""""??????????? | | %= [ #?? "?????????? | | !%! "## ""????????? | | / " "?????????? | | """""""""""""""""""""""" "## """""??????????? | | """""""""""""""""""""""""*[ #??"""????????????? | | ##### ################""%! "#???"?????????????? | | ##????????#""== !"##############????? | | X"#????????#""%%==*"## """"""""#????? | | "" "" ##????????#""!= !%"## " " " "#????? | | "" "" X"#??????###""= !="## ""#????? | | " " ######### #"" "## &"#????? | | "" &"#????? | | "" "## &"#????? | | " " ######### #"" "## " " " "#????? | +----------------------------------------------------+ Best States ------------- Heat Dissipation 25 Energy Generation 12 Energy Capacity 265 Matter Stores 350 Matter Capacity 350 Sight Range 21 Robot Scan Range 14 Terrain Scan Range 16 Terrain Scan Density 10 Armor Coverage 150 Resistance: KI 35 Resistance: TH 35 Resistance: EX 35 Resistance: EM 35 Resistance: I 35 Resistance: S 35 Resistance: P 35 Evasion (%) 50 Offensive Hacking 20 Item Schematics ----------------- None Robot Schematics ------------------ None Fabricated ------------ Nothing Repaired ---------- Nothing Studied --------- None Alien Tech Used ----------------- None Achievements -------------- Civilization 2243 Link The Feds Nice Directions, Buddy Challenges ------------ None Game ------ Seed PulseSchematicCape Manual? 0 Play Time 00:24:30 Cumulative 4.7 hours Start 2026.07.02 @ 18:47:12 End 2026.07.02 @ 19:13:29 Sessions 3 Manual Loads 0 Difficulty Explorer Special Mode None Game No. 16 Rogue 13 Adventurer 0 Explorer 3 Win Type - Total 0 Types 0/0/0/0/0/0/0/0/0/0 Lore% 3 Gallery% 8 Achievement% 8 Wizard Run 0 Options --------- Layout 0 ASCII 0 Keyboard 0 Movement Mouse Keybinds 0 Fullscreen 0 Font 20/SmallcapsGlow Map View 96x60 Zoom Use 0% Tactical HUD 1 Map Filters NONE Filters NONE Steam 1 RUN: 4e8861e6-0fea-474d-b0ba-5700b68d197d